 Dungeon Crawl Stone Soup version 0.18-a0-1361-g9293dd1 (webtiles) character file.

23753 dalore the Protected (level 12, -14/169 HPs)
             Began as a Minotaur Berserker on Feb 16, 2016.
             Was a High Priest of Trog.
             Demolished by a sun demon (15 damage)
             ... summoned by an obsidian statue
             ... on level 11 of the Dungeon on Feb 20, 2016.
             The game lasted 01:53:29 (13214 turns).

dalore the Protected (Minotaur Berserker)          Turns: 13214, Time: 01:53:30

Health: -14/169    AC: 20    Str: 28    XL:     12   Next: 74%
Magic:  11/11      EV: 13    Int:  2    God:    Trog [*****.]
Gold:   1312       SH:  0    Dex: 14    Spells: 0 memorised, 11 levels left

rFire  . . .     SeeInvis .     L - +9 trident of Indomitability {elec, rElec Int-2 Stlth+}
rCold  . . .     Gourm    .     q - +2 plate armour {MR+}
rNeg   + . .     Faith    .     (no shield)
rPois  +         Spirit   .     (helmet restricted)
rElec  +         Dismiss  +     F - +0 cloak
rCorr  .         Reflect  .     (no gloves)
SustAt .         Harm     .     (no boots)
MR     +....                    o - amulet of dismissal
Stlth  ..........               x - ring of poison resistance {rPois, !d}
                                h - ring of positive energy {rN+}

@: berserking, lethally poisoned (-14 -> -14), very quick, somewhat resistant to
hostile enchantments, extremely unstealthy
A: retaliatory headbutt, horns 2, icy blue scales 1
a: Berserk, Trog's Hand, Brothers in Arms, Burn Spellbooks, Renounce Religion


You were on level 11 of the Dungeon.
You worshipped Trog.
Trog was extremely pleased with you.
You were not hungry.

You visited 2 branches of the dungeon, and saw 14 of its levels.

You collected 1551 gold pieces.
You spent 239 gold pieces at shops.

Inventory:

Hand Weapons
 r - a +1 dire flail
   (You found it on level 2 of the Dungeon)
 w - a +2 whip of flaming
   (You took it off Pikel on level 6 of the Dungeon)
 A - a +1 flail of venom
   (You took it off an orc on level 5 of the Dungeon)
 G - a +4 quarterstaff of chaos
   (You took it off Crazy Yiuf on level 6 of the Dungeon)
 H - a +0 mace
   (You found it on level 6 of the Dungeon)
 L - the +9 trident of Indomitability (weapon) {elec, rElec Int-2 Stlth+}
   (You found it on level 7 of the Dungeon)

   Occasionally, upon striking a foe, it will discharge some electrical energy
   and cause terrible harm.
   It affects your intelligence (-2).
   It insulates you from electricity.
   It makes you more stealthy.
 W - a +3 antimagic quarterstaff
   (Trog gifted it to you on level 10 of the Dungeon)
Missiles
 d - 3 throwing nets {=f, !d}
 Z - a silver tomahawk (quivered)
Armour
 q - a +2 plate armour of magic resistance (worn)
   (You took it off an orc warrior on level 1 of the Orcish Mines)
 y - a +0 chain mail
   (You took it off an orc on level 5 of the Dungeon)
 B - a +3 leather armour
   (You took it off an orc priest on level 5 of the Dungeon)
 D - a troll hide {regen}
   (You found it on level 2 of the Orcish Mines)
 F - a +0 cloak (worn)
   (You took it off Crazy Yiuf on level 6 of the Dungeon)
 R - a -1 plate armour
   (You took it off an orc warrior on level 2 of the Orcish Mines)
Jewellery
 g - an uncursed amulet of guardian spirit {Spirit}
   (You found it on level 11 of the Dungeon)
 h - a ring of positive energy (left hand) {rN+}
   (You found it on level 2 of the Dungeon)
 n - an uncursed ring of ice {rC+, rF-}
   (You found it on level 1 of the Dungeon)
 o - an amulet of dismissal (around neck)
   (You took it off an orc priest on level 5 of the Dungeon)
 s - a +1 ring of evasion
   (You found it on level 2 of the Dungeon)
 x - a ring of poison resistance (right hand) {rPois, !d}
   (You found it on level 5 of the Dungeon)
 C - a cursed ring of loudness {Stlth-}
   (You found it on level 5 of the Dungeon)
 J - an uncursed ring of protection from cold {rC+, !d}
   (You found it on level 8 of the Dungeon)
 P - an uncursed amulet of the gourmand {Gourm, !d}
   (You found it on level 9 of the Dungeon)
Wands
 S - a wand of flame (18/48)
   (You found it on level 10 of the Dungeon)
 X - a wand of lightning (2/15)
   (You found it on level 11 of the Dungeon)
 Y - a wand of random effects (16/48)
   (You found it on level 11 of the Dungeon)
Scrolls
 a - a scroll of fear
 b - 4 scrolls of enchant weapon
 i - a scroll of amnesia
 p - a scroll of magic mapping {!r}
 E - a scroll of immolation {!r}
 I - a scroll of silence {unknown}
 N - a scroll of recharging {unknown}
 T - a scroll of enchant armour {unknown}
 U - 2 scrolls of noise {!r}
Potions
 e - a potion of flight
 f - 11 potions of degeneration {!q}
 j - 3 potions of cancellation {unknown}
 k - 2 potions of might
 t - 2 potions of brilliance
 v - 3 potions of lignification {!q}
 K - a potion of resistance
 M - a potion of invisibility {unknown}
 O - a potion of heal wounds
 Q - 2 potions of curing
Comestibles
 c - 5 bread rations {@e1}
 l - 12 royal jellies
 m - 9 fruits
 u - 5 meat rations {@e2}
 z - 4 beef jerkies
 V - 2 chunks of flesh {@w0}


   Skills:
 + Level 12.4 Fighting
 - Level 7.3(7.7) Maces & Flails
 + Level 11.8(11.9) Polearms
 - Level 3.0(9.5) Staves
 + Level 12.5 Armour
 + Level 9.7 Dodging
 + Level 6.2 Stealth


You had 11 spell levels left.
You didn't know any spells.

Dungeon Overview and Level Annotations

Branches:
Dungeon (12/15)            Temple (0/1) D:7            Lair (0/8) D:11
    Orc (2/2) D:9             Elf (0/3) Orc:2

Altars:
Ashenzari
Elyvilon
Fedhas
Okawaru
Pakellas
Ru
Trog
Xom
Beogh

Shops:
D:7 ?*   Orc:2 !(}=

Annotations:
D:11 exclusion: obsidian statue


Innate Abilities, Weirdness & Mutations

You reflexively headbutt those who attack you in melee.
You have a pair of horns on your head.
You are partially covered in icy blue scales (AC +1).


Message History

You kill the orange demon!
You take 1 damage, and have 102/113 hp.
Aim: an ufetubus (translocational energy, summoned)
Your line of fire to the obsidian statue is blocked by an iron grate.
Continue anyway?
You throw a silver tomahawk.
You feel sick.
The crimson imp blinks!
The white imp gestures at you. The puff of frost hits you!
You take 7 damage, and have 95/113 hp.
You closely miss the ufetubus. Your headbutt misses the ufetubus.
You feel sick.
The crimson imp disappears in a puff of smoke!
The ufetubus closely misses you. The ufetubus hits you.
You take 4 damage, and have 91/113 hp.
You closely miss the ufetubus.
You feel sick.
The crimson imp disappears in a puff of smoke!
The ufetubus hits you but does no damage.
The ufetubus closely misses you. The white imp gestures at you.
The puff of frost hits you!
You take 4 damage, and have 87/113 hp.
You puncture the ufetubus!
You kill the ufetubus!
You barely miss the white imp. Your headbutt misses the white imp.
You feel sick.
The white imp hits you but does no damage.
The obsidian statue's eyes glow briefly.
You take 1 damage, and have 86/113 hp.
You miss the quasit.
You headbutt the quasit, but do no damage.
The quasit barely misses you. x2
The quasit claws you but does no damage.
The white imp hits you but does no damage.
You hit the quasit. You headbutt the quasit!
You feel sick. The quasit barely misses you. x2
The quasit claws you but does no damage.
You take 1 damage, and have 85/113 hp.
You puncture the quasit!
There is a sudden explosion of sparks!
You kill the quasit!
The sun demon hits you but does no damage.
The white imp hits you but does no damage.
The obsidian statue's eyes glow briefly.
The orange demon stings you but does no damage.
You barely miss the sun demon.
You headbutt the sun demon, but do no damage.
You feel sick. The sun demon completely misses you. You furiously retaliate!
You headbutt the sun demon.
The white imp hits you but does no damage.
You take 1 damage, and have 85/113 hp.
You puncture the sun demon!
The orange demon stings you but does no damage.
The shadow imp is engulfed in roaring flames.
You kill the shadow imp!
The sun demon hits you but does no damage.
You hit the sun demon but do no damage.
You feel sick.
The white imp hits you but does no damage.
The orange demon stings you from afar. The sun demon hits you.
You are engulfed in flames!!
You take 31 damage, and have 54/113 hp.
MASSIVE DAMAGE!!
The iron imp shouts, "Run away, thou pecksniffian weather-bitten joithead!"
You see here 27 gold pieces.
You feel sick. The iron imp misses you.
You take 1 damage, and have 54/113 hp.
You feel sick.
The obsidian statue's eyes glow briefly.
The white imp gestures at you. The puff of frost hits you!
Your amulet of dismissal vibrates suddenly!
The white imp disappears!
You take 13 damage, and have 41/113 hp.
You feel sick.
You take 1 damage, and have 41/113 hp.
The obsidian statue's eyes glow briefly.
You see here a silver tomahawk.
You see here a silver tomahawk.
You feel sick. The ufetubus barely misses you. You furiously retaliate!
You headbutt the ufetubus!
You kill the ufetubus!
A red film seems to cover your vision as you go berserk!
You feel yourself moving faster!
You feel mighty!
You feel somewhat more hungry.
You feel sick. The sun demon hits you.
You are engulfed in flames!
* * * LOW HITPOINT WARNING * * *
The hellwing swoops through the air toward you!
The hellwing hits you.
* * * LOW HITPOINT WARNING * * *
The hellwing hits you but does no damage.
The orange demon barely misses you. The sun demon hits you!
* * * LOW HITPOINT WARNING * * *
You are engulfed in flames!
* * * LOW HITPOINT WARNING * * *
You now have 15/169 hp.
You are too berserk!
You are too berserk!
You hit the sun demon. You hit the sun demon. You headbutt the sun demon!
The sun demon hits you!
* * * LOW HITPOINT WARNING * * *
You are engulfed in flames!
You die...

######################
.....................###
............(..........#
.#############.#####...#
.# #..# ##..## .# ##÷##
#...# .# #4.# #.#.# .#
##@# #.#(# .#
######3####...## ######
÷#
#.....4(..<....###.....
.#
#?.....(5....+...#.....
.#
#.......((.....#.'.....
.#
#...........<..###..<..
.# #..............#
#..... .#
#..........(}$.###.....
.#
##'#####..$###(.##.....


You could see a sun demon, an orange demon, a hellwing and an iron imp.

Vanquished Creatures
  Harold (Orc:1)
  A hydra (D:11)
  2 ogre magi (Orc:2)
  2 deep trolls (Orc:2)
  2 hill giants (Orc:2)
  2 orc knights
  Pikel (D:6)
  2 orc sorcerers
  An ugly thing (D:11)
  2 cyclopes (Orc:2)
  5 slime creatures (D:10)
  Joseph (D:10)
  The ghost of Galewind the Thaumaturge, a novice DECj of Vehumet (D:7)
  Psyche (D:10)
  A gargoyle (D:10)
  A komodo dragon (D:11)
  7 trolls (Orc:2)
  6 two-headed ogres (Orc:2)
  Grinder (D:6)
  Prince Ribbit (D:7)
  Sigmund (D:3)
  A wyvern (D:10)
  3 yaks (D:9)
  A basilisk (D:11)
  A hungry ghost (D:9)
  A hippogriff (D:9)
  A steam dragon (D:11)
  Duvessa (D:6)
  A warg (Orc:2)
  A swamp drake (D:9)
  14 orc warriors
  A slave (D:6)
  A black bear (D:10)
  An eye of draining (D:11)
  6 ice beasts
  24 ogres
  A phantom (D:5)
  The ghost of Duffy the Shield-Bearer, an amateur FoFi (D:3)
  A centaur (D:6)
  A big kobold (D:9)
  A crocodile (D:11)
  6 giant frogs
  Dowan (D:6)
  5 scorpions
  24 killer bees
  4 wights
  4 crimson imps
  2 giant frog zombies
  A quasit (D:9)
  A giant frog skeleton (D:7)
  14 orc priests
  5 hounds
  Crazy Yiuf (D:6)
  2 gnoll shamans (D:9)
  5 jellies
  A centaur skeleton (D:4)
  Jessica (D:2)
  4 iguanas (D:11)
  18 orc wizards
  11 worker ants
  A killer bee zombie (D:8)
  3 hound zombies
  10 gnolls
  9 adders
  6 oozes
  An adder skeleton (D:8)
  2 adder zombies
  2 worms (D:5)
  9 giant geckos
  75 orcs
  5 giant cockroaches
  7 goblins
  4 hobgoblins
  4 jackals (D:1)
  9 kobolds
  3 quokkas
  9 bats
  3 giant newts
  3 jackal skeletons
  A quokka zombie (D:5)
  3 rats (D:1)
384 creatures vanquished.

Vanquished Creatures (others)
  A hound (D:6)
  An orc (D:6)
2 creatures vanquished.

Grand Total: 386 creatures vanquished

Notes
Turn   | Place    | Note
--------------------------------------------------------------
     0 | D:1      | dalore the Minotaur Berserker began the quest for the Orb.
     0 | D:1      | Reached XP level 1. HP: 19/19 MP: 0/0
    55 | D:1      | Reached skill level 4 in Maces & Flails
    55 | D:1      | Reached XP level 2. HP: 27/27 MP: 1/1
    92 | D:1      | Reached skill level 4 in Fighting
   580 | D:1      | Reached XP level 3. HP: 30/33 MP: 2/2
   773 | D:2      | Reached ** piety under Trog
   920 | D:2      | Noticed Jessica
   925 | D:2      | Killed Jessica
   925 | D:2      | Reached skill level 3 in Armour
   925 | D:2      | Reached XP level 4. HP: 40/40 MP: 3/3
  1436 | D:2      | Reached skill level 1 in Stealth
  1667 | D:3      | Noticed Duffy's ghost (amateur FoFi)
  1674 | D:3      | Killed Duffy's ghost
  1674 | D:3      | Reached skill level 3 in Dodging
  1674 | D:3      | Reached XP level 5. HP: 47/47 MP: 4/4
  1790 | D:3      | Found a shattered altar of Ashenzari.
  1968 | D:4      | Found a shattered altar of Ashenzari.
  2088 | D:3      | Noticed Sigmund
  2093 | D:3      | Killed Sigmund
  2093 | D:3      | Reached skill level 5 in Fighting
  2093 | D:3      | Reached skill level 5 in Maces & Flails
  2093 | D:3      | Reached skill level 4 in Armour
  2093 | D:3      | Reached XP level 6. HP: 56/56 MP: 5/5
  2095 | D:3      | Reached skill level 4 in Dodging
  2527 | D:4      | Reached skill level 5 in Armour
  2671 | D:5      | Entered Level 5 of the Dungeon
  2760 | D:4      | Found a white marble altar of Elyvilon.
  2995 | D:4      | Reached XP level 7. HP: 61/61 MP: 6/6
  3224 | D:4      | Found a shimmering altar of Xom.
  3225 | D:4      | Found a bloodstained altar of Trog.
  3289 | D:4      | Reached skill level 6 in Armour
  3359 | D:5      | Upgraded the game from 0.18-a0-1343-g48c8f86 to 0.18-a0-1361-g9293dd1
  3679 | D:5      | Reached skill level 6 in Fighting
  3738 | D:5      | Reached skill level 7 in Armour
  3907 | D:6      | Noticed Duvessa
  3907 | D:6      | Noticed Dowan
  4149 | D:5      | Reached skill level 6 in Maces & Flails
  4149 | D:5      | Reached XP level 8. HP: 65/70 MP: 7/7
  4318 | D:6      | Gained mutation: Your flesh is heat resistant. [potion of mutation]
  4318 | D:6      | Gained mutation: You are resistant to hostile enchantments. [potion of mutation]
  4318 | D:6      | Gained mutation: You are agile. (Dex +2) [potion of mutation]
  4362 | D:6      | Noticed Grinder
  4371 | D:6      | Killed Grinder
  4371 | D:6      | Reached skill level 2 in Stealth
  4670 | D:6      | Reached skill level 5 in Dodging
  4741 | D:6      | Noticed Pikel
  4752 | D:6      | Killed Pikel
  4752 | D:6      | Reached skill level 7 in Fighting
  4752 | D:6      | Reached skill level 7 in Maces & Flails
  4752 | D:6      | Reached skill level 8 in Armour
  4885 | D:7      | Noticed Galewind's ghost (novice DECj)
  4964 | D:6      | Noticed Crazy Yiuf
  4969 | D:6      | Killed Crazy Yiuf
  5179 | D:6      | Killed Duvessa
  5179 | D:6      | Reached skill level 1 in Staves
  5179 | D:6      | Reached XP level 9. HP: 79/79 MP: 8/8
  5181 | D:6      | Killed Dowan
  5312 | D:6      | Reached *** piety under Trog
  5507 | D:7      | Reached skill level 6 in Dodging
  5519 | D:7      | Reached skill level 2 in Staves
  5555 | D:7      | Found Itetik's Magic Scroll Emporium.
  5559 | D:7      | Bought a scroll of identify for 28 gold pieces
  5559 | D:7      | Bought a scroll of immolation for 49 gold pieces
  5559 | D:7      | Bought a scroll of identify for 28 gold pieces
  5604 | D:7      | Found a staircase to the Ecumenical Temple.
  5645 | D:7      | Noticed Prince Ribbit
  5650 | D:7      | Killed Prince Ribbit
  5734 | D:7      | Found Afaaxkac's General Store.
  5758 | D:7      | Bought a scroll of identify for 22 gold pieces
  5818 | D:7      | Reached skill level 8 in Fighting
  5818 | D:7      | Reached skill level 3 in Staves
  5818 | D:7      | Reached skill level 3 in Stealth
  5893 | D:7      | Got an encrusted trident
  5894 | D:7      | Identified the +9 trident of Indomitability {elec, rElec Int-2 Stlth+} (You found it on level 7 of the Dungeon)
  5975 | D:7      | Found a sacrificial altar of Ru.
  6339 | D:7      | Found an oddly glowing altar of Pakellas.
  6339 | D:7      | Found an iron altar of Okawaru.
  6500 | D:8      | Lost mutation: Your flesh is heat resistant. [potion of cure mutation]
  6500 | D:8      | Lost mutation: You are agile. (Dex +2) [potion of cure mutation]
  6500 | D:8      | Lost mutation: You are resistant to hostile enchantments. [potion of cure mutation]
  6782 | D:8      | Found a blossoming altar of Fedhas.
  6858 | D:7      | Reached skill level 1 in Polearms
  6864 | D:7      | Killed Galewind's ghost
  6864 | D:7      | Reached skill level 2 in Polearms
  6864 | D:7      | Reached skill level 9 in Armour
  6882 | D:8      | Reached skill level 7 in Dodging
  6955 | D:8      | Reached skill level 3 in Polearms
  6955 | D:8      | Reached skill level 4 in Stealth
  7099 | D:8      | Reached **** piety under Trog
  7099 | D:8      | Reached XP level 10. HP: 90/90 MP: 9/9
  7254 | D:7      | Found a bloodstained altar of Trog.
  7508 | D:9      | Reached skill level 4 in Polearms
  7545 | D:9      | Reached skill level 5 in Stealth
  7724 | D:9      | Reached skill level 5 in Polearms
  7828 | D:10     | Entered Level 10 of the Dungeon
  7920 | D:10     | Noticed a gargoyle
  8050 | D:9      | Reached skill level 8 in Dodging
  8074 | D:9      | Found a staircase to the Orcish Mines.
  8096 | D:9      | Reached skill level 9 in Fighting
  8256 | Orc:1    | Entered Level 1 of the Orcish Mines
  8256 | Orc:1    | Noticed an orc knight
  8358 | D:9      | Killed an orc knight
  8358 | D:9      | Reached skill level 6 in Polearms
  8676 | Orc:1    | Noticed an orc sorcerer
  8688 | Orc:1    | Killed an orc sorcerer
  8688 | Orc:1    | Reached skill level 6 in Stealth
  9082 | Orc:1    | Found a roughly hewn altar of Beogh.
  9082 | Orc:1    | Noticed Harold
  9097 | Orc:1    | Killed Harold
  9097 | Orc:1    | Reached XP level 11. HP: 97/99 MP: 10/10
  9225 | Orc:1    | Reached skill level 7 in Polearms
  9329 | Orc:2    | Entered Level 2 of the Orcish Mines
  9329 | Orc:2    | Noticed an orc sorcerer
  9424 | Orc:2    | Found a staircase to the Elven Halls.
  9437 | Orc:2    | Reached skill level 9 in Dodging
  9440 | Orc:2    | Noticed a hill giant
  9447 | Orc:2    | Killed a hill giant
  9447 | Orc:2    | Reached skill level 10 in Fighting
  9453 | Orc:2    | Noticed an ogre mage
  9467 | Orc:2    | Noticed a deep troll
  9468 | Orc:2    | Noticed an ogre mage
  9468 | Orc:2    | Noticed a deep troll
  9468 | Orc:2    | Killed an ogre mage
  9468 | Orc:2    | Reached skill level 8 in Polearms
  9479 | Orc:2    | Noticed a hill giant
  9495 | Orc:2    | HP: 23/100 [ogre/giant club (11)]
  9500 | Orc:2    | HP: 10/100 [sixfirhy[an orc sorcerer] (6)]
  9503 | Orc:2    | Killed an orc sorcerer
  9503 | Orc:2    | Reached skill level 10 in Armour
  9504 | Orc:2    | HP: 3/100 [ogre/giant club (8)]
  9515 | Orc:2    | HP: 13/101 [two-headed ogre/giant spiked club (4)]
  9705 | Orc:2    | Killed an ogre mage
  9705 | Orc:2    | Reached skill level 9 in Polearms
 10039 | Orc:2    | Killed a hill giant
 10039 | Orc:2    | Reached skill level 11 in Fighting
 10097 | Orc:2    | Reached skill level 11 in Armour
 10298 | Orc:2    | Reached XP level 12. HP: 95/110 MP: 11/11
 10410 | Orc:2    | Found Jaromum's Distillery.
 10423 | Orc:2    | Reached skill level 10 in Polearms
 10427 | Orc:2    | Found Ruihyl's Antique Weapon Shop.
 10433 | Orc:2    | Bought a potion of heal wounds for 70 gold pieces
 10433 | Orc:2    | Bought a potion of curing for 42 gold pieces
 10435 | Orc:2    | Found Enle's Gadget Emporium.
 10436 | Orc:2    | Found Nifudghusk's Jewellery Emporium.
 10723 | Orc:2    | Found a roughly hewn altar of Beogh.
 10888 | Orc:1    | Reached ***** piety under Trog
 10986 | D:10     | Noticed Joseph
 11033 | D:9      | Received a gift from Trog
 11096 | D:10     | Killed Joseph
 11216 | D:10     | Noticed Psyche
 11231 | D:10     | Killed Psyche
 11326 | D:10     | Reached skill level 12 in Armour
 11342 | D:10     | Reached skill level 11 in Polearms
 11356 | D:10     | Reached skill level 12 in Fighting
 11724 | D:11     | Noticed a five-headed hydra
 11730 | D:10     | Received a gift from Trog
 12586 | D:11     | Found a staircase to the Lair.
 12883 | D:11     | Gained mutation: You have an increased reservoir of magic (+10% MP). [mutagenic meat]
 12884 | D:11     | Lost mutation: You have an increased reservoir of magic (+10% MP). [mutagenic meat]
 12885 | D:11     | Gained mutation: You are partially covered in icy blue scales (AC +1). [mutagenic meat]
 12918 | D:11     | Killed a five-headed hydra
 13212 | D:11     | HP: 39/169 [hellwing[an obsidian statue] (4)]
 13212 | D:11     | HP: 15/169 [sun demon[an obsidian statue] (13)]
 13214 | D:11     | HP: 1/169 [sun demon[an obsidian statue] (14)]
 13214 | D:11     | Demolished by a sun demon

Vault maps used:
D:1:      scummos_arrival_simple_crosswalls, minivault_14
D:2:      first_bread, uniq_jessica
D:3:      minmay_misc_feat_encased, cheibrodos_ashenzari_chains, uniq_sigmund
D:4:      nicolae_overflow_crystal_walls, gammafunk_temple_overflow_forgotten
D:5:      kennysheep_decorative_pillar
D:6:      uniq_grinder, uniq_pikel, uniq_duvessa, uniq_crazy_yiuf_cottage
D:7:      lemuel_upstairs_altar, nicolae_overflow_hidden_temple,
          gammafunk_temple_overflow_elements, minmay_temple_entry_junction,
          serial_shops, shop, shop_scrolls, uniq_prince_ribbit1
D:8:      fedhas_altar_fruit_tree, hangedman_little_slice_of_home,
          minmay_misc_feat_iff
D:9:      erik_orc_1
D:10:     uniq_joseph, uniq_psyche
D:11:     erik_lair_dragon, minmay_protected_statue
D:12:     basic_altar, uniq_gastronok, uniq_snorg, uniq_kirke
Orc:1:    nicolae_orc_pool_cavern, nicolae_orc_lost_temple, uniq_harold
Orc:2:    st_orc_open, minmay_orc_temple_b

Action                   |  1- 3 |  4- 6 |  7- 9 | 10-12 || total
-------------------------+-------+-------+-------+-------++-------
Melee: Mace              |    44 |       |       |       ||    44
       Whip              |    12 |    47 |       |       ||    59
       Dire flail        |       |    30 |    79 |       ||   109
       Flail             |       |       |    56 |       ||    56
       Quarterstaff      |       |       |    43 |       ||    43
       Trident           |       |       |    57 |   544 ||   601
Throw: Javelin           |     8 |    16 |       |       ||    24
       Tomahawk          |       |       |       |   102 ||   102
Invok: Berserk           |     1 |     4 |    10 |     8 ||    23
       Trog's Hand       |     1 |     3 |     9 |    21 ||    34
       Burn Spellbooks   |       |       |     1 |     1 ||     2
  Use: Scroll            |       |     9 |     7 |     5 ||    21
       Potion            |       |     3 |     7 |     3 ||    13
 Stab: Sleeping          |     1 |       |    11 |     7 ||    19
       Distracted        |       |       |     1 |     1 ||     2
  Eat: Chunk             |       |     6 |    19 |    34 ||    59
       Bread ration      |       |     1 |     1 |       ||     2
       Beef jerky        |       |       |     1 |       ||     1
       Pizza             |       |       |       |     1 ||     1

Vault maps used:
D:1:      scummos_arrival_simple_crosswalls, minivault_14
D:2:      first_bread, uniq_jessica
D:3:      minmay_misc_feat_encased, cheibrodos_ashenzari_chains, uniq_sigmund
D:4:      nicolae_overflow_crystal_walls, gammafunk_temple_overflow_forgotten
D:5:      kennysheep_decorative_pillar
D:6:      uniq_grinder, uniq_pikel, uniq_duvessa, uniq_crazy_yiuf_cottage
D:7:      lemuel_upstairs_altar, nicolae_overflow_hidden_temple,
          gammafunk_temple_overflow_elements, minmay_temple_entry_junction,
          serial_shops, shop, shop_scrolls, uniq_prince_ribbit1
D:8:      fedhas_altar_fruit_tree, hangedman_little_slice_of_home,
          minmay_misc_feat_iff
D:9:      erik_orc_1
D:10:     uniq_joseph, uniq_psyche
D:11:     erik_lair_dragon, minmay_protected_statue
D:12:     basic_altar, uniq_gastronok, uniq_snorg, uniq_kirke
Orc:1:    nicolae_orc_pool_cavern, nicolae_orc_lost_temple, uniq_harold
Orc:2:    st_orc_open, minmay_orc_temple_b

Table legend:
 A = Turns spent in this place as a percentage of turns spent in the entire game.
 B = Non-inter-level travel turns spent in this place as a percentage of non-inter-level travel turns spent in the entire game.
 C = Inter-level travel turns spent in this place as a percentage of turns spent in this place.
 D = Turns resting spent in this place as a percentage of non-inter-level travel turns spent in this place.
 E = Turns spent auto-exploring this place as a percentage of non-inter-level travel turns spent in this place.
 F = Non-inter-level travel turns spent in this place divided by the number of levels of this place that you've seen.
                   A       B       C       D       E      F
               +-------+-------+-------+-------+-------+----------------------
         Total | 100.0 | 100.0 |   2.1 |   7.2 |   9.7 | 258.8
       Dungeon |  76.0 |  75.7 |   2.5 |   7.5 |  10.2 | 228.4
  Orcish Mines |  24.0 |  24.3 |   0.8 |   6.2 |   8.2 | 441.0
               +-------+-------+-------+-------+-------+----------------------

Table legend:
 A = Kills in this place as a percentage of kills in entire the game.
 B = Kills by you in this place as a percentage of kills by you in the entire game.
 C = Kills by friends in this place as a percentage of kills by friends in the entire game.
 D = Other kills in this place as a percentage of other kills in the entire game.
 E = Experience gained in this place as a percentage of experience gained in the entire game.
 F = Experience gained in this place divided by the number of levels of this place that you have seen.
                   A       B       C       D       E      F
               +-------+-------+-------+-------+-------+----------------------
         Total | 100.0 | 100.0 |  -nan |  -nan | 100.0 | 2423.8
       Dungeon |  73.6 |  73.6 |  -nan |  -nan |  50.2 | 1420.6
  Orcish Mines |  26.4 |  26.4 |  -nan |  -nan |  49.8 | 8443.0
               +-------+-------+-------+-------+-------+----------------------
